 Dungeon Crawl Stone Soup version 0.27.1-4-g1640c2035a (webtiles) character file.

Game seed: 936152958972228551

121 MisterFreud the Skirmisher (level 4, -1/44 HPs)
             Began as a Minotaur Abyssal Knight on Nov 16, 2021.
             Was a Follower of Lugonu.
             Slain by a kobold brigand (6 damage)
             ... in a sewer.
             The game lasted 00:02:05 (1853 turns).

MisterFreud the Skirmisher (MiAK)                   Turns: 1853, Time: 00:02:06

Health: -1/44      AC:  3    Str: 17 (18) XL:     4   Next: 76%
Magic:  4/4        EV: 11    Int:  7 (9)  God:    Lugonu [*.....]
Gold:   137        SH:  0    Dex:  7 (9)  Spells: 3/3 levels left

rFire    . . .     SeeInvis .   g - +2 whip (venom)
rCold    . . .     Faith    .   (no shield)
rNeg     . . .     Spirit   .   b - +0 leather armour
rPois    .         Reflect  .   (helmet restricted)
rElec    .         Harm     .   (no cloak)
rCorr    .         Rampage  .   (no gloves)
Will     .....                  (no boots)
Stlth    +.........             (no amulet)
HPRegen  0.14/turn              (no ring)
MPRegen  0.09/turn              (no ring)

@: lethally poisoned (-1 -> -2), slowed, very slow
A: horns 2, retaliatory headbutt
a: Renounce Religion, Depart the Abyss


You were in a sewer.
You worshipped Lugonu.
Lugonu was aware of your devotion.
You visited 1 branch of the dungeon, and saw 3 of its levels.
You visited the Abyss 1 time.
You also visited: Sewer.

You collected 137 gold pieces.

Inventory:

Hand Weapons
 a - a +1 falchion
 g - a +2 whip of venom (weapon)
Armour
 b - a +0 leather armour (worn)
Scrolls
 c - a scroll of identify {unknown}
 d - a scroll of enchant weapon {unknown}
Potions
 e - a potion of resistance {unknown}
 f - a potion of degeneration
 h - a potion of cancellation {unknown}
 i - a potion of heal wounds {unknown}
 j - a potion of curing {unknown}


   Skills:
 - Level 6.0 Fighting
 - Level 2.4 Long Blades
 + Level 2.7 Maces & Flails
 - Level 2.4 Armour
 - Level 1.1 Dodging
 - Level 1.7 Invocations


You had 3 spell levels left.
You didn't know any spells.
Your spell library contained the following spells:

 Spells                   Type           Power      Damage    Failure   Level
 Magic Dart               Conj           0%         1d3       50%         1
 Searing Ray              Conj           0%         3d3       63%         2
 Static Discharge         Conj/Air       0%         N/A       63%         2
 Airstrike                Air            0%         N/A       99%         4
 Dispel Undead            Necr           0%         3d6       99%         4
 Fulminant Prism          Conj/Hex       0%         3d6       99%         4
 Sticky Flame             Conj/Fire      0%         2d3       99%         4
 Summon Lightning Spire   Summ/Air       0%         N/A       99%         4
 Lightning Bolt           Conj/Air       0%         1d11      100%        5


Dungeon Overview and Level Annotations

Branches:
Dungeon (3/15)              Sewer (1/1)

Altars:

Shops:
D:1 (

Annotations:
D:3 1 transporter


Innate Abilities, Weirdness & Mutations

You have a pair of horns on your head.
You reflexively headbutt those who attack you in melee.


Message History

You feel sick.
You are no longer poisoned.
You hit the kobold.
The kobold is poisoned.
Your headbutt misses the kobold.
The kobold is heavily wounded.
The kobold hits you with a +0 whip.
Your leather armour prevents you from hitting the kobold.
You headbutt the kobold, but do no damage.
The kobold is heavily wounded.
You kill the kobold!
Lugonu accepts your kill.
The kobold brigand throws a curare-tipped dart.
The curare-tipped dart hits you.
You are poisoned.
You have difficulty breathing.
You feel as though you will be slow longer.
You feel very sick.
Items here: ( )) †.
You feel very sick.
The kobold brigand hits you with a +0 dagger.
* * * LOW HITPOINT WARNING * * *
The kobold brigand splashes around in the water.
The kobold splashes around in the water.
You hit the kobold brigand. You headbutt the kobold brigand.
The kobold brigand is heavily wounded.
You feel sick.
The kobold brigand splashes around in the water.
The kobold barely misses you.
You miss the kobold brigand. You headbutt the kobold brigand!
The kobold brigand is almost dead.
You feel sick.
The kobold brigand hits you but does no damage.
The kobold closely misses you.
The kobold brigand splashes around in the water.
Unknown command.
It was a potion of degeneration.
There was something very wrong with that liquid.
You feel weakened.
You feel dopey.
You feel clumsy.
You feel sick. The kobold hits you but does no damage.
The kobold brigand hits you with a +0 dagger.
You die...

#∩..≈≈≈.# ###.≈≈≈.#
#.≈≈≈.# ##≈≈≈≈≈##
#..≈≈≈..################
#..≈≈≈≈≈≈≈≈≈≈≈≈≈≈≈≈≈≈≈≈≈
#.≈≈≈≈.≈################
#.≈≈≈≈≈.# #.≈≈≈≈≈@#
#≈≈≈≈≈KK# #≈≈≈≈≈≈≈#
#.≈≈≈≈≈.# #..≈≈≈≈.#
#..≈....# ####.#### ..


You could see a kobold brigand and a kobold.

Vanquished Creatures
  A centaur zombie (D:3)
  3 adders (D:3)
  A river rat (Sewer)
  2 dart slugs
  An orc (D:3)
  3 ball pythons
  10 endoplasms
  A goblin (D:1)
  A hobgoblin (D:1)
  3 jackals
  5 kobolds
  3 quokkas (D:1)
  A frilled lizard (D:1)
  8 rats
43 creatures vanquished.

Vanquished Creatures (others)
  A bat (D:1)
1 creature vanquished.

Grand Total: 44 creatures vanquished

Notes
Turn   | Place    | Note
-------+----------+-------------------------------------------
     0 | Abyss:1  | MisterFreud the Minotaur Abyssal Knight began the quest for
                  | the Orb.
     0 | Abyss:1  | Reached XP level 1. HP: 19/19 MP: 1/1
    68 | Abyss:1  | Noticed a worldbinder
    70 | Abyss:1  | Noticed a wraith
    70 | Abyss:1  | Noticed a necromancer
    70 | Abyss:1  | Noticed a wraith
    70 | D:1      | Escaped the Abyss
   251 | D:1      | Reached skill level 4 in Fighting
   440 | D:1      | Reached XP level 2. HP: 22/28 MP: 2/2
   574 | D:1      | Reached * piety under Lugonu
   676 | D:1      | Found Xaih's Weapon Shop.
   773 | D:1      | Reached skill level 5 in Fighting
   856 | D:1      | Found a faded altar of an unknown god.
  1066 | D:2      | Reached XP level 3. HP: 36/36 MP: 3/3
  1491 | D:3      | Found a transporter.
  1513 | D:3      | Reached skill level 1 in Maces & Flails
  1513 | D:3      | Reached XP level 4. HP: 30/42 MP: 4/4
  1627 | D:3      | Found a glowing drain.
  1636 | Sewer    | Entered a sewer
  1643 | Sewer    | Reached skill level 6 in Fighting
  1838 | Sewer    | Noticed a kobold brigand
  1853 | Sewer    | Slain by a kobold brigand

Illustrated notes

Levels and vault maps discovered:
D:1:      dpeg_arrival_long_road, layout_rooms, ebering_ecumenical_altar_box,
          serial_shops, shop, minmay_pentomino_t2
D:2:      layout_rooms
D:3:      gammafunk_wand_slinger, layout_loops_ring, portal_sewer_entry_d
Sewer:    sewer_kobolds

Skill      XL: |  1  2  3  4 |
---------------+-------------+-----
Fighting       | 4 5 6 |  6.0
Maces & Flails | 1 2 |  2.7
Long Blades    | |  2.4
Armour         | |  2.4
Dodging        | |  1.1
Invocations    | |  1.7

Action                   |  1- 3 |  4- 6 || total
-------------------------+-------+-------++-------
Melee: Falchion          |    38 |       ||    38
       Headbutt          |     9 |     6 ||    15
       Whip              |    12 |    34 ||    46
Invok: Depart the Abyss  |     1 |       ||     1
  Use: Potion            |       |     1 ||     1
Armor: Leather armour    |    17 |     7 ||    24
Dodge: Dodged            |    31 |    17 ||    48
       Rpst.: Falchion   |     8 |       ||     8
